 Dungeon Crawl Stone Soup version 0.23-a0-445-g768d57b (webtiles) character file.

123784 Pompelm0 the Severer (level 16, -9/226 HPs)
             Began as a Minotaur Berserker on Nov 17, 2018.
             Was a High Priest of Trog.
             Shot with an arrow by a deep elf master archer (21 damage)
             ... on level 3 of the Elven Halls on Nov 18, 2018.
             The game lasted 01:54:49 (18076 turns).

Pompelm0 the Severer (Minotaur Berserker)          Turns: 18076, Time: 01:54:49

Health: -9/226     AC: 28    Str: 22    XL:     16   Next: 37%
Magic:  15/15      EV:  2    Int:  5    God:    Trog [*****.]
Gold:   2355       SH:  0    Dex: 14    Spells: 15/15 levels left

rFire    + . .     SeeInvis +   l - +1 executioner's axe (chop)
rCold    + . .     Gourm    .   (shield currently unavailable)
rNeg     + + +     Faith    .   (armour currently unavailable)
rPois    +         Spirit   .   (helmet currently unavailable)
rElec    +         Reflect  .   (cloak currently unavailable)
rCorr    .         Harm     .   (gloves currently unavailable)
MR       ++...     NoTele   +   (boots currently unavailable)
Stlth    ++........             G - amulet "Paur" {Inacc rElec MR+ Dex-2 SInv}
HPRegen  0.47/turn              J - +4 ring of slaying
MPRegen  0.14/turn              s - ring of Dibbo {rF+ rC+ EV+3}

@: tree-form
A: (retaliatory headbutt), rugged brown scales 1, MP-powered wands
a: Berserk, Trog's Hand, Brothers in Arms, Renounce Religion


You were on level 3 of the Elven Halls.
You worshipped Trog.
Trog was extremely pleased with you.
You were not hungry.
You were a tree.
You visited 4 branches of the dungeon, and saw 20 of its levels.
You also visited: Labyrinth.

You collected 2639 gold pieces.
You spent 284 gold pieces at shops.

Inventory:

Hand Weapons
 k - the +7 fustibalus of Corruption {flame, rPois rN++ Dex-4 Stlth+}
   (Trog gifted it to you on level 3 of the Elven Halls)

   It causes projectiles fired from it to burn those they strike, causing extra
   injury to most foes and up to half again as much damage against particularly
   susceptible opponents.
   It affects your dexterity (-4).
   It protects you from poison.
   It greatly protects you from negative energy.
   It makes you more stealthy.
 l - a +1 executioner's axe of chopping (weapon)
 y - the +10 broad axe "Meupum" {drain, +Fly rF- Str+2 SInv}
   (Trog gifted it to you on level 2 of the Orcish Mines)

   A truly terrible weapon, it drains the life of those it strikes.
   It affects your strength (+2).
   It makes you vulnerable to fire.
   It lets you see invisible.
   It lets you fly.
Armour
 d - a +0 cloak (melded)
 q - a +0 large shield
 u - the -1 pair of boots "Bugesaag" (melded) {Str+4 Slay+5}
   (You found it on level 2 of the Orcish Mines)

   It affects your strength (+4).
   It affects your accuracy and damage with ranged weapons and melee attacks
   (+5).
 Q - the +7 chain mail of Darkness (melded) {rN+ Str+7 Int-2 SInv}
   (You took it off an orc knight on level 2 of the Orcish Mines)

   It affects your strength (+7).
   It affects your intelligence (-2).
   It protects you from negative energy.
   It lets you see invisible.
Jewellery
 n - an uncursed ring of protection from cold
 s - the ring of Dibbo (right branch) {rF+ rC+ EV+3}
   (You took it off an orc on level 2 of the Orcish Mines)

   [ring of evasion]

   It affects your evasion (+3).
   It protects you from fire.
   It protects you from cold.
 x - the ring "Zoufopra" {rC+ MR+}
   (You took it off a deep elf mage on level 3 of the Elven Halls)

   [ring of protection from magic]

   It protects you from cold.
   It affects your resistance to hostile enchantments.
 G - the amulet "Paur" (around neck) {Inacc rElec MR+ Dex-2 SInv}
   (You found it on level 2 of the Elven Halls)

   [amulet of inaccuracy]

   It reduces the accuracy of all your attacks.
   It affects your dexterity (-2).
   It insulates you from electricity.
   It affects your resistance to hostile enchantments.
   It lets you see invisible.
 H - an uncursed ring of resist corrosion
 I - a +4 ring of intelligence {unknown}
 J - a +4 ring of slaying (left branch)
Wands
 v - a wand of iceblast (9)
 M - a wand of digging (12)
 N - a wand of paralysis (6)
 P - a wand of disintegration (16)
Scrolls
 f - a scroll of acquirement
 h - 6 scrolls of fear
 i - 17 scrolls of remove curse
 j - 2 scrolls of blinking
 o - 5 scrolls of enchant armour
 p - 4 scrolls of magic mapping
 w - 4 scrolls of immolation
 z - 4 scrolls of teleportation
 A - a scroll of brand weapon {unknown}
 C - a scroll of identify
Potions
 b - 3 potions of flight
 e - a potion of brilliance
 g - 2 potions of heal wounds
 m - 10 potions of curing
 r - 2 potions of ambrosia
 t - a potion of haste
 F - 2 potions of agility
Comestibles
 c - 33 rations


   Skills:
 + Level 14.7 Fighting
 * Level 19.6 Axes
 - Level 1.0 Throwing
 + Level 14.4 Armour
 + Level 13.3 Dodging
 - Level 1.3 Stealth
 + Level 13.9 Shields


You had 15 spell levels left.
You didn't know any spells.
Your spell library contained the following spells:

 Spells                   Type           Power        Failure   Level  Hunger
 Sting                    Conj/Pois      #...         47%         1    ##.....
 Mephitic Cloud           Conj/Pois/Air  #.......     85%         3    ####...
 Throw Icicle             Conj/Ice       #.......     99%         4    #####..
 Borgnjor's Vile Clutch   Necr/Erth      #.........   100%        5    ######.
 Orb of Destruction       Conj           #.........   100%        7    #######


Dungeon Overview and Level Annotations

Branches:
Dungeon (13/15)            Temple (0/1) D:6            Lair (2/6) D:10
    Orc (2/2) D:9             Elf (3/3) Orc:2        Vaults (0/5) D:13
  Swamp: Lair:2-4    Shoals: Lair:2-4     Snake: Lair:2-4    Spider: Lair:2-4

Altars:
Ashenzari
Cheibriados
Elyvilon
Hepliaklqana
Kikubaaqudgha
Nemelex Xobeh
Okawaru
Qazlal
Ru
Trog
Uskayaw
Xom
Zin
The Shining One
Beogh

Shops:
D:4 %   Orc:2 (}([

Portals:
Trove: D:11 (give +2 gold dragon scales)


Innate Abilities, Weirdness & Mutations

((You reflexively headbutt those who attack you in melee.))
((You have a pair of horns on your head.))
((You are partially covered in molten scales. (AC +2)))
(You are partially covered in rugged brown scales. (AC +1, +3% HP))
You expend magic power (3 MP) to strengthen your wands.


Message History

The deep elf master archer is lightly wounded.
The deep elf master archer shoots an arrow.
The arrow hits you!!
* * * LOW HITPOINT WARNING * * *
You hear a shout!
You feel much better.
The deep elf master archer shoots an arrow.
The arrow hits you!!
* * * LOW HITPOINT WARNING * * *
A deep elf annihilator comes into view.
It is wielding a +3 long sword of The deep elf master archer shoots an arrow.
The arrow hits you.
* * * LOW HITPOINT WARNING * * *
You turn into a tree.
Your +0 cloak melds into your body.
The -1 pair of boots "Bugesaag" {Str+4 Slay+5} melds into your body.
The +7 chain mail of Darkness {rN+ Str+7 Int-2 SInv} melds into your body.
Your roots penetrate the ground.
The deep elf master archer shoots an arrow.
The arrow hits you!!
You die...

..###..........)....#
## ##########.#######
#).(....####
#..........# #
#....#..... .##
##.e## .... ..#
#.).## .....#
#.(..### #..
##♣....##.#
#e......## ##.......#
###..........#
####.......#
#####e..# ..e# ####
..# ())#### .#


You could see a deep elf master archer and a deep elf annihilator.

Vanquished Creatures
  Saint Roka (Elf:3)
  A deep elf blademaster (Elf:2)
  The ghost of Nr616 the Fighter, an adept GrFi of the Shining One (Orc:2)
  5 deep elf sorcerers
  3 deep elf elementalists (Elf:3)
  6 deep elf annihilators
  5 deep elf demonologists
  The ghost of Yceypur the Fighter, a journeyman DrBe of Trog (D:13)
  A minotaur (Lab)
  2 deep elf death magi
  A deep elf high priest (Elf:3)
  8 vault guards (D:13)
  2 hydras
  2 centaur warriors (D:13)
  A death knight (D:13)
  17 dancing weapons
  5 two-headed ogres
  3 orc high priests
  A small abomination (Elf:3)
  Sonja (Lair:1)
  Urug (D:12)
  20 deep elf knights
  The ghost of PeterLawrence the Basher, a novice GrBe of Okawaru (D:7)
  A skeletal warrior (D:13)
  2 unseen horrors
  8 deep elf archers
  4 orc knights (Orc:2)
  A phantasmal warrior (D:13)
  55 deep elf magi
  2 ugly things (D:12)
  5 orc sorcerers
  2 cyclopes
  A manticore (D:13)
  A centaur zombie (D:12)
  A gargoyle (Lab)
  Psyche (D:8)
  An efreet (D:13)
  A guardian mummy (D:11)
  A freezing wraith (D:13)
  A komodo dragon (Lair:1)
  A merfolk (D:11)
  A queen bee (Lair:2)
  4 trolls
  3 hippogriffs
  A spriggan (D:11)
  5 air elementals
  3 water elementals
  13 yaks
  3 fire elementals
  A wyvern (D:13)
  2 basilisks (D:10)
  2 hungry ghosts
  2 vampire mosquitoes (D:13)
  2 wargs (D:9)
  Edmund (D:4)
  A soldier ant (D:13)
  4 water moccasins
  3 porcupines (Lair:2)
  29 orc warriors
  A black bear (D:11)
  4 ice beasts
  A sky beast (D:10)
  A necrophage (D:10)
  9 ogres
  A wolf (D:7)
  4 phantoms
  3 centaurs
  4 crocodiles (Lair:1)
  3 big kobolds
  A wyvern zombie (D:12)
  12 bullfrogs
  5 earth elementals
  3 scorpions
  A troll zombie (D:9)
  20 killer bees
  6 howler monkeys
  4 crimson imps
  2 hounds
  3 jellies
  23 orc priests
  A bullfrog skeleton (D:5)
  2 centaur skeletons
  An iguana (D:4)
  16 worker ants
  Ijyb (D:2)
  39 orc wizards
  7 ogre zombies (D:9)
  2 hound skeletons
  A howler monkey zombie (D:10)
  A howler monkey skeleton (D:7)
  3 worker ant zombies
  3 gnolls (D:3)
  11 adders
  4 shadow imps
  An ooze (D:3)
  2 adder skeletons
  2 worms
  A dart slug (D:1)
  6 leopard geckos
  118 orcs
  4 ball pythons
  5 giant cockroaches
  13 goblins
  9 hobgoblins
  23 jackals
  7 quokkas
  8 bats
  2 frilled lizards
  A goblin skeleton (D:9)
  A goblin zombie (D:9)
  2 hobgoblin skeletons (D:9)
  4 hobgoblin zombies (D:9)
  A jackal zombie (D:5)
  23 kobolds
  3 orc skeletons (D:9)
  14 orc zombies (D:9)
  A quokka zombie (D:9)
  5 rats
  2 crawling corpses (Elf:3)
  A fungus (Lair:2)
  A plant (Lair:2)
721 creatures vanquished.

Vanquished Creatures (collateral kills)
  2 orc warlords
  A deep elf elementalist (Elf:3)
  A deep elf annihilator (Elf:3)
  A deep elf death mage (Elf:3)
  A deep elf high priest (Elf:3)
  An orc high priest (Orc:2)
  2 orc knights (Orc:2)
  An orc sorcerer (Elf:3)
  A troll (Elf:3)
  7 orc warriors (Orc:2)
  3 orc priests
  An orc wizard (Orc:2)
  15 orcs
37 creatures vanquished.

Vanquished Creatures (others)
  An orc (Elf:2)
1 creature vanquished.

Grand Total: 759 creatures vanquished

Notes
Turn   | Place    | Note
-------+----------+-------------------------------------------
     0 | D:1      | Pompelm0 the Minotaur Berserker began the quest for the
                  | Orb.
     0 | D:1      | Reached XP level 1. HP: 19/19 MP: 0/0
     6 | D:1      | Noticed a swamp drake
     6 | D:1      | Noticed a black bear
     6 | D:1      | Noticed an anaconda
     6 | D:1      | Noticed a redback
     6 | D:1      | Noticed a hound
   152 | D:1      | Reached XP level 2. HP: 24/27 MP: 1/1
   215 | D:1      | Reached skill level 4 in Axes
   612 | D:1      | Reached ** piety under Trog
   930 | D:2      | Reached XP level 3. HP: 33/33 MP: 2/2
  1014 | D:2      | Noticed Ijyb
  1037 | D:2      | Killed Ijyb
  1037 | D:2      | Reached skill level 5 in Axes
  1037 | D:2      | Reached XP level 4. HP: 31/40 MP: 3/3
  1115 | D:2      | Found a shimmering altar of Xom.
  1410 | D:2      | Found a sacrificial altar of Ru.
  1427 | D:2      | Reached skill level 1 in Stealth
  1693 | D:2      | Reached XP level 5. HP: 47/47 MP: 4/4
  1841 | D:2      | Reached skill level 1 in Throwing
  2158 | D:3      | Reached *** piety under Trog
  2544 | D:3      | Reached skill level 6 in Axes
  2544 | D:3      | Reached XP level 6. HP: 53/53 MP: 5/5
  2740 | D:4      | Reached skill level 5 in Fighting
  2751 | D:4      | Noticed a +0 hand axe
  2751 | D:4      | Noticed a +0 dagger
  2752 | D:4      | Found a hide-covered altar of Uskayaw.
  2954 | D:4      | Reached skill level 1 in Shields
  2975 | D:4      | Reached XP level 7. HP: 7/61 MP: 6/6
  3208 | D:4      | Reached skill level 7 in Axes
  3260 | D:4      | Found Reaj's Food Boutique.
  3575 | D:4      | Noticed Edmund
  3584 | D:4      | Killed Edmund
  3691 | D:4      | Found a white marble altar of Elyvilon.
  3691 | D:4      | Found a glowing golden altar of the Shining One.
  3691 | D:4      | Found a glowing silver altar of Zin.
  3888 | D:5      | Entered Level 5 of the Dungeon
  3984 | D:5      | Reached XP level 8. HP: 56/70 MP: 7/7
  4231 | D:5      | Identified Wach's Guide on Ashen Confrontation
  4490 | D:5      | Reached skill level 8 in Axes
  4512 | D:5      | Reached skill level 5 in Armour
  4583 | D:6      | Found a staircase to the Ecumenical Temple.
  4747 | D:6      | Noticed a two-headed ogre
  4756 | D:6      | Killed a two-headed ogre
  4756 | D:6      | Reached skill level 9 in Axes
  4756 | D:6      | Reached skill level 5 in Dodging
  4820 | D:6      | Found a sparkling altar of Nemelex Xobeh.
  5138 | D:7      | Reached XP level 9. HP: 78/78 MP: 8/8
  5298 | D:7      | Reached **** piety under Trog
  5298 | D:7      | Received a gift from Trog
  5321 | D:7      | Found a runed door.
  5342 | D:7      | Noticed PeterLawrence's ghost (novice GrBe)
  5363 | D:7      | Killed PeterLawrence's ghost
  5363 | D:7      | Reached skill level 10 in Axes
  5363 | D:7      | Reached skill level 5 in Shields
  5838 | D:8      | Noticed Psyche
  5859 | D:8      | Killed Psyche
  5859 | D:8      | Reached XP level 10. HP: 83/88 MP: 5/9
  5982 | D:8      | Reached skill level 11 in Axes
  6230 | D:8      | Found a stormy altar of Qazlal.
  6231 | D:8      | Found a shattered altar of Ashenzari.
  6231 | D:8      | Found an iron altar of Okawaru.
  6232 | D:8      | Found a hazy altar of Hepliaklqana.
  6233 | D:8      | Found an ancient bone altar of Kikubaaqudgha.
  6234 | D:8      | Found a bloodstained altar of Trog.
  6235 | D:8      | Found a snail-covered altar of Cheibriados.
  6484 | D:9      | Found a staircase to the Orcish Mines.
  6511 | D:9      | Reached ***** piety under Trog
  6874 | D:9      | Noticed a two-headed ogre
  6880 | D:9      | Killed a two-headed ogre
  6880 | D:9      | Reached skill level 12 in Axes
  6905 | Orc:1    | Entered Level 1 of the Orcish Mines
  6907 | Orc:1    | Noticed an orc warlord
  7873 | D:9      | Reached XP level 11. HP: 31/97 MP: 10/10
  7876 | D:9      | Killed an orc warlord
  7979 | Orc:1    | Noticed an orc sorcerer
  7984 | Orc:1    | Killed an orc sorcerer
  8053 | Orc:1    | Received a gift from Trog
  8547 | Orc:2    | Entered Level 2 of the Orcish Mines
  8571 | Orc:2    | Found a roughly hewn altar of Beogh.
  8661 | Orc:2    | Found a roughly hewn altar of Beogh.
  8744 | Orc:2    | Found a roughly hewn altar of Beogh.
  8823 | Orc:2    | Noticed an orc sorcerer
  8824 | Orc:2    | Reached skill level 13 in Axes
  8832 | Orc:2    | Noticed a sun demon
  8832 | Orc:2    | Noticed an orc knight
  8833 | Orc:2    | Killed an orc sorcerer
  8838 | Orc:2    | Noticed an orc warlord
  8847 | Orc:2    | Killed an orc knight
  8849 | Orc:2    | Killed an orc warlord
  8849 | Orc:2    | Reached skill level 10 in Fighting
  8852 | Orc:2    | Received a gift from Trog
  8853 | Orc:2    | Got a steaming broad axe {god gift}
  8856 | Orc:2    | Identified the +10 broad axe "Meupum" {drain, +Fly rF-
                  | Str+2 SInv} (Trog gifted it to you on level 2 of the Orcish
                  | Mines)
  8960 | Orc:2    | Found a runed gate.
  8960 | Orc:2    | Noticed Nr616's ghost (adept GrFi)
  8961 | Orc:2    | Found a runed gate.
  8961 | Orc:2    | Noticed an orc knight
  8962 | Orc:2    | Found a runed gate.
  8962 | Orc:2    | Noticed an orc high priest
  8963 | Orc:2    | Identified the +7 chain mail of Darkness {rN+ Str+7 Int-2
                  | SInv}
  8963 | Orc:2    | Noticed an orc knight
  8964 | Orc:2    | Noticed an orc knight
  8964 | Orc:2    | Noticed an orc knight
  9006 | Orc:2    | Found a staircase to the Elven Halls.
  9044 | Orc:2    | Found Diam Omo's Antique Armour Boutique.
  9044 | Orc:2    | Found a roughly hewn altar of Beogh.
  9050 | Orc:2    | Found Oshroi Hafue's Antique Weapon Shop.
  9057 | Orc:2    | Bought an encrusted ring mail for 252 gold pieces
  9063 | Orc:2    | Bought a club for 32 gold pieces
  9073 | Orc:2    | Identified the +1 ring mail "Nuiro" {+Fly rF+ Int+9 Dex-4}
                  | (You bought it in a shop on level 2 of the Orcish Mines)
  9129 | Orc:2    | Found a roughly hewn altar of Beogh.
  9129 | Orc:2    | Noticed an orc knight
  9130 | Orc:2    | Found Woshric's Weapon Shoppe.
  9140 | Orc:2    | Killed an orc knight
  9269 | Orc:2    | Found a roughly hewn altar of Beogh.
  9326 | Orc:2    | Found a roughly hewn altar of Beogh.
  9361 | Orc:2    | Found a roughly hewn altar of Beogh.
  9396 | Orc:2    | Found a roughly hewn altar of Beogh.
  9396 | Orc:2    | Found Bumiuttioso's Gadget Emporium.
  9493 | Orc:2    | Identified the ring of Dibbo {rF+ rC+ EV+3}
  9495 | Orc:2    | Found a roughly hewn altar of Beogh.
  9511 | Orc:2    | Noticed a sixfirhy
  9514 | Orc:2    | Killed an orc high priest
  9520 | Orc:2    | Killed an orc knight
  9522 | Orc:2    | Killed an orc knight
  9522 | Orc:2    | Received a gift from Trog
  9528 | Orc:2    | Killed an orc knight
  9528 | Orc:2    | Reached XP level 12. HP: 104/107 MP: 11/11
  9530 | Orc:2    | Killed Nr616's ghost
  9530 | Orc:2    | Reached skill level 14 in Axes
  9534 | Orc:2    | Reached skill level 10 in Armour
  9562 | Orc:2    | Got a pair of faintly glowing boots
  9573 | Orc:2    | Identified the cursed -1 pair of boots "Bugesaag" {Str+4
                  | Slay+5} (You found it on level 2 of the Orcish Mines)
  9693 | D:10     | Entered Level 10 of the Dungeon
  9774 | D:10     | Found a bloodstained altar of Trog.
  9954 | D:10     | Noticed a two-headed ogre
  9963 | D:10     | Killed a two-headed ogre
 10051 | D:10     | Found a staircase to the Lair.
 10345 | Lair:1   | Entered Level 1 of the Lair of Beasts
 10388 | Lair:1   | Noticed Sonja
 10391 | Lair:1   | Killed Sonja
 10698 | Lair:1   | Noticed a six-headed hydra
 10708 | Lair:1   | Killed a 13-headed hydra
 11279 | Lair:2   | Found a labyrinth entrance.
 11390 | Lair:2   | Received a gift from Trog
 11420 | Lair:2   | Reached skill level 10 in Shields
 11544 | Lab      | Entered a labyrinth
 12209 | Lab      | Noticed a minotaur
 12216 | Lab      | Killed a minotaur
 12216 | Lab      | Reached skill level 15 in Axes
 12216 | Lab      | Reached skill level 10 in Dodging
 12591 | D:11     | Noticed a five-headed hydra
 12600 | D:11     | Killed a six-headed hydra
 12600 | D:11     | Reached XP level 13. HP: 115/116 MP: 12/12
 12684 | D:11     | Found a portal to a secret trove of treasure.
 13136 | D:12     | Noticed Urug
 13141 | D:12     | Killed Urug
 13602 | D:12     | Identified a scroll of acquirement
 13608 | D:12     | Gained mutation: You are weak. (Str -2) [potion of
                  | mutation]
 13608 | D:12     | Gained mutation: You have large cloven feet. [potion of
                  | mutation]
 13609 | D:12     | Lost mutation: You have large cloven feet. [potion of
                  | mutation]
 13609 | D:12     | Lost mutation: You are weak. (Str -2) [potion of mutation]
 13609 | D:12     | Gained mutation: You are partially covered in rugged brown
                  | scales. (AC +1, +3% HP) [potion of mutation]
 13609 | D:12     | Gained mutation: You are partially covered in molten
                  | scales. (AC +2) [potion of mutation]
 13609 | D:12     | Gained mutation: You expend magic power (3 MP) to
                  | strengthen your wands. [potion of mutation]
 13836 | D:12     | Received a gift from Trog
 14145 | D:13     | Found a gate to the Vaults.
 14187 | D:13     | Reached skill level 16 in Axes
 14379 | D:13     | Found a runed door.
 14380 | D:13     | Noticed Yceypur's ghost (journeyman DrBe)
 15069 | D:13     | Killed Yceypur's ghost
 15240 | Elf:1    | Entered Level 1 of the Elven Halls
 15269 | Elf:1    | Reached XP level 14. HP: 71/130 MP: 13/13
 15379 | Elf:1    | Reached ****** piety under Trog
 15491 | Elf:1    | Received a gift from Trog
 15784 | Elf:1    | Noticed a deep elf sorcerer
 15793 | Elf:1    | Noticed a Tzitzimitl
 15799 | Elf:1    | Noticed a cacodemon
 15800 | Elf:1    | Killed a deep elf sorcerer
 15800 | Elf:1    | Reached skill level 17 in Axes
 15806 | Elf:1    | HP: 7/195 [deep elf demonologist/+0 long sword (9)]
 16176 | Elf:2    | Noticed a deep elf sorcerer
 16186 | Elf:2    | Killed a deep elf sorcerer
 16259 | Elf:2    | Got a steaming lead amulet
 16277 | Elf:2    | Identified the amulet "Paur" {Inacc rElec MR+ Dex-2 SInv}
                  | (You found it on level 2 of the Elven Halls)
 16501 | Elf:2    | Found a runed gate.
 16503 | Elf:2    | Found a runed gate.
 16506 | Elf:2    | Found a runed gate.
 16527 | Elf:2    | Reached XP level 15. HP: 110/140 MP: 14/14
 16546 | Elf:2    | Noticed a deep elf blademaster
 16558 | Elf:2    | Killed a deep elf blademaster
 16558 | Elf:2    | Reached skill level 18 in Axes
 16681 | Elf:2    | Received a gift from Trog
 16889 | Elf:3    | Entered Level 3 of the Elven Halls
 17072 | Elf:3    | Noticed a deep elf sorcerer
 17085 | Elf:3    | Killed a deep elf sorcerer
 17109 | Elf:3    | Received a gift from Trog
 17110 | Elf:3    | Reached skill level 19 in Axes
 17120 | Elf:3    | Got a crude fustibalus {god gift}
 17121 | Elf:3    | Identified the +7 fustibalus of Corruption {flame, rPois
                  | rN++ Dex-4 Stlth+} (Trog gifted it to you on level 3 of the
                  | Elven Halls)
 17160 | Elf:3    | Noticed a Tzitzimitl
 17164 | Elf:3    | Noticed an Executioner
 17166 | Elf:3    | Noticed an Ice Fiend
 17570 | Elf:3    | Reached XP level 16. HP: 148/151 MP: 15/15
 17645 | Elf:3    | Noticed Saint Roka
 17667 | Elf:3    | Killed Saint Roka
 17670 | Elf:3    | Killed the ghostly Saint Roka
 17695 | Elf:3    | Received a gift from Trog
 17717 | Elf:3    | Identified the ring "Zoufopra" {rC+ MR+}
 17856 | Elf:3    | HP: 2/151 [deep elf annihilator/crystal spear (40)]
 17942 | Elf:3    | Noticed a deep elf master archer
 18075 | Elf:3    | HP: 7/151 [deep elf master archer/arrow (3)]
 18076 | Elf:3    | Shot with an arrow by a deep elf master archer

Vault maps used:
D:1:      onia_arrival_zoo_common, minmay_worlds_worst_comb
D:2:      kennysheep_the_goblin_king, nicolae_ru_great_annihilating_truth,
          old_standard_altar
D:3:      first_ration
D:4:      good_gods_mini_temple, dancing_weapons_uskayaw, serial_shops,
          nicolae_shop_waterfront, kennysheep_generic_room_7, uniq_edmund
D:6:      minmay_temple_entry_sparse_star, nemelex_lonely_heart_becter
D:7:      ebering_ghost_reflecting_pool, kennysheep_opposing_triangles
D:8:      minitemple, uniq_psyche
D:9:      zombieorc2_lemuel, serial_glass, glass_columns_b, glass_columns_a
D:10:     david_lair_generic, trog_book
D:11:     nicolae_trove_entry_path_of_doom, hangedman_stone_soup
D:12:     serial_co_window_serial, co_window_paths_b, co_window_paths_a,
          co_window_paths_b, co_window_of_opportunity_a, co_window_paths_b,
          co_window_2corner, co_window_corner_b, co_window_broadway_a,
          co_window_paths_c, co_window_cross_3, co_window_2corner,
          co_window_4corner_b, chequers_serial_rivers_micro_c, uniq_urug
D:13:     erik_vaults_2, gammafunk_ghost_grave
Lair:1:   uniq_sonja
Lair:2:   lab_entry_generic, gammafunk_ghost_icy, special_room,
          minmay_lindwurm_lava
Orc:1:    minmay_goldmine, nicolae_orc_damp_corner
Orc:2:    grunt_orc_community_town_hall, grunt_orc_community_big_house_1,
          grunt_orc_community_big_house_1, grunt_orc_community_house_3,
          grunt_orc_community_house_3, grunt_orc_community_house_2,
          grunt_orc_community_house_1, grunt_orc_community_house_2,
          grunt_orc_community_house_1, basic_altar, biasface_ghost_orc_armoury
Elf:1:    serial_sigils, serial_sigils_hangedman_confine,
          serial_sigils_hangedman_shear, serial_sigils_hangedman_gut,
          serial_sigils_hangedman_clutch, serial_sigils_hangedman_gnaw
Elf:3:    minmay_elf_hall_curves, uniq_saint_roka
Lab:      labyrinth_green, labyrinth_skeletal_remains, nicolae_lab_starburst

Skill      XL: |  1  2  3  4  5  6  7  8  9 10 11 12 13 14 15 |
---------------+----------------------------------------------+-----
Fighting       | 4 5 6 8 9 10 11 12 13 14 | 14.7
Axes           | 4 5 6 7 9 10 12 13 15 16 17 19 | 19.6
Stealth        | 1 |  1.3
Throwing       | 1 |  1.0
Armour         | 3 4 5 7 8 9 10 12 13 14 | 14.4
Dodging        | 3 4 5 6 7 9 10 11 12 13 | 13.3
Shields        | 1 2 4 6 7 9 10 11 12 13 | 13.9

Action                   |  1- 3 |  4- 6 |  7- 9 | 10-12 | 13-15 | 16-18 || total
-------------------------+-------+-------+-------+-------+-------+-------++-------
Melee: Hand axe          |    66 |   125 |    64 |       |       |       ||   255
       Headbutt          |     6 |    16 |    39 |   103 |   138 |    23 ||   325
       War axe           |       |       |   160 |   331 |       |       ||   491
       Unarmed           |       |       |    20 |       |       |       ||    20
       Broad axe         |       |       |       |   184 |   513 |    48 ||   745
       Executioner's axe |       |       |       |       |       |    16 ||    16
Throw: Javelin           |    13 |    16 |     2 |     1 |       |       ||    32
       Tomahawk          |       |       |     6 |     2 |       |       ||     8
Invok: Berserk           |     2 |     5 |     8 |    16 |    10 |     1 ||    42
       Trog's Hand       |     1 |     5 |     5 |    15 |     7 |     1 ||    34
       Brothers in Arms  |       |       |       |     4 |       |     2 ||     6
Evoke: Wand              |       |       |     2 |     5 |     1 |       ||     8
  Use: Scroll            |       |     1 |    14 |     1 |    14 |     1 ||    31
       Potion            |       |       |     2 |     1 |    14 |     4 ||    21
 Stab: Sleeping          |     2 |       |       |       |       |       ||     2
       Distracted        |       |       |       |       |       |     1 ||     1
  Eat: Chunk             |     1 |    13 |    15 |    37 |    24 |     4 ||    94
       Ration            |       |       |     1 |     2 |     2 |       ||     5
Armor: Animal skin       |    21 |     5 |       |       |       |       ||    26
       Ring mail         |       |    19 |       |       |       |       ||    19
       Chain mail        |       |    13 |    71 |    61 |    93 |    12 ||   250
       Plate armour      |       |       |       |    93 |       |       ||    93
       Skin              |       |       |       |       |     1 |       ||     1
Dodge: Dodged            |    45 |    66 |    70 |   102 |   129 |    21 ||   433
Block: Large shield      |       |     9 |   130 |   420 |   373 |    31 ||   963

Table legend:
 A = Non-vault XP
 B = Vault XP
 C = Vault XP percentage of total XP
 D = Non-vault monster count
 E = Vault monster count
 F = Vault count percentage of total count
                 A         B        C        D         E       F
            +---------+---------+-------+---------+---------+-------
      Total |   96667 |   80168 |  45.3 |     500 |     254 |  33.7
            +---------+---------+-------+---------+---------+-------
        D:1 |      37 |       2 |   5.1 |      22 |       1 |   4.3
        D:2 |      77 |      87 |  53.0 |      23 |      11 |  32.4
        D:3 |     191 |       0 |   0.0 |      31 |       0 |   0.0
        D:4 |     758 |     166 |  18.0 |      27 |       2 |   6.9
        D:5 |     428 |       0 |   0.0 |      16 |       0 |   0.0
        D:6 |    1002 |       0 |   0.0 |       5 |       0 |   0.0
        D:7 |    1618 |     952 |  37.0 |      24 |       5 |  17.2
        D:8 |    1002 |     424 |  29.7 |      25 |       1 |   3.8
        D:9 |    4847 |     560 |  10.4 |      56 |      36 |  39.1
       D:10 |    2674 |     847 |  24.1 |      22 |       4 |  15.4
       D:11 |    3364 |    1461 |  30.3 |      19 |       5 |  20.8
       D:12 |    2656 |     804 |  23.2 |      25 |       1 |   3.8
       D:13 |    9995 |    9114 |  47.7 |      33 |       9 |  21.4
     Lair:1 |    2587 |     807 |  23.8 |      11 |       1 |   8.3
     Lair:2 |     570 |    1164 |  67.1 |       4 |      15 |  78.9
      Orc:1 |    2044 |     142 |   6.5 |      24 |      11 |  31.4
      Orc:2 |    1027 |    9229 |  90.0 |      20 |      90 |  81.8
      Elf:1 |   20002 |       0 |   0.0 |      34 |       0 |   0.0
      Elf:2 |   17157 |   24582 |  58.9 |      39 |      30 |  43.5
      Elf:3 |   24631 |   28093 |  53.3 |      40 |      29 |  42.0
        Lab |       0 |    1734 | 100.0 |       0 |       3 | 100.0
            +---------+---------+-------+---------+---------+-------
